[ AOE2 MATCH · #505799836 ]
UnrankedHuns vs Jurchens
Player's team · LOSS
Rival team · WIN
[ REPLAY ANALYSIS · EXTRACTED FROM THE RECORDED GAME ]
Feudal
8:53
Castle
19:33
Imperial
38:37
| APM avg | 50.9 |
| APM peak | 83 |
| eAPM avg | 21.3 |
| Villagers / military | 196 / 203 |
Focus
⚔️ 51.8% · 🌾 48.2%
Knight ×78 · Cavalry Archer ×55 · Scout Cavalry ×48 · Trebuchet (Packed) ×8 · Tarkan ×5 · Mangonel ×5
Feudal
10:32
Castle
14:13
Imperial
34:50
| APM avg | 46.3 |
| APM peak | 82 |
| eAPM avg | 30.0 |
| Villagers / military | 159 / 303 |
Focus
⚔️ 45.1% · 🌾 54.9%
Scout Cavalry ×180 · Spearman ×70 · Iron Pagoda ×19 · Fire Lancer ×13 · Trebuchet (Packed) ×13 · Monk ×7
Match map
Initial resources + every placement click. Lines = walls · curves = elevation contours. ◆ gold · ⬟ stone · ● berries · ✦ relic · ◌ wall gap
Your base· Open — unwalled flank
DaddySt4rk's base· Open — 1t gap
Smoothed initial terrain · ◌ = detected wall gap · hover for details
Inputs per minute
— Ghosty - - DaddySt4rk
Build order — Ghosty
First 150 of 538 actions detected
| 0:01 | Create | Villager (Male) ×4 |
| 1:19 | Create | Villager (Male) |
| 1:19 | Create | Villager (Male) |
| 1:19 | Create | Villager (Male) |
| 1:43 | Create | Villager (Male) |
| 1:43 | Create | Villager (Male) |
| 1:48 | Build | Lumber Camp |
| 1:57 | Create | Villager (Male) |
| 2:29 | Create | Villager (Male) |
| 2:29 | Create | Villager (Male) |
| 3:08 | Create | Villager (Male) |
| 3:24 | Create | Villager (Male) |
| 4:13 | Create | Villager (Male) |
| 4:18 | Create | Villager (Male) |
| 4:18 | Create | Villager (Male) |
| 4:40 | Create | Villager (Male) |
| 4:42 | Build | Mill |
| 5:08 | Create | Villager (Male) |
| 5:23 | Create | Villager (Male) |
| 5:37 | Research | Loom |
| 6:37 | Research | Feudal Age |
| 7:22 | Create | Villager (Male) |
| 7:22 | Create | Villager (Male) |
| 7:29 | Create | Villager (Male) |
| 7:56 | Build | Barracks |
| 8:53 | Age | Feudal Age |
| 8:56 | Build | Stable |
| 8:58 | Build | Palisade Wall |
| 9:03 | Research | Double-Bit Axe |
| 9:24 | Create | Villager (Male) |
| 9:39 | Build | Mining Camp |
| 9:45 | Create | Villager (Male) |
| 9:49 | Create | Scout Cavalry |
| 9:56 | Build | Farm |
| 10:03 | Create | Scout Cavalry |
| 10:04 | Create | Villager (Male) |
| 10:12 | Build | Watch Tower |
| 10:18 | Build | Farm |
| 10:30 | Build | Farm |
| 10:54 | Build | Watch Tower |
| 11:02 | Build | Watch Tower |
| 11:06 | Create | Villager (Male) |
| 11:10 | Build | Farm |
| 11:11 | Build | Farm |
| 11:25 | Build | Farm |
| 11:26 | Create | Villager (Male) |
| 11:36 | Create | Scout Cavalry |
| 12:17 | Create | Villager (Male) |
| 12:23 | Create | Scout Cavalry |
| 12:26 | Build | Farm |
| 12:27 | Build | Farm |
| 12:31 | Build | Stone Wall |
| 12:32 | Build | Stone Wall |
| 12:33 | Build | Stone Wall |
| 12:33 | Build | Stone Wall |
| 12:34 | Build | Stone Wall |
| 12:35 | Build | Stone Wall |
| 12:47 | Create | Villager (Male) |
| 12:51 | Build | Mining Camp |
| 13:00 | Create | Villager (Male) |
| 13:15 | Create | Villager (Male) |
| 13:26 | Build | Watch Tower |
| 13:28 | Create | Villager (Male) |
| 13:37 | Build | Stone Wall |
| 13:38 | Build | Stone Wall |
| 13:39 | Build | Stone Wall |
| 14:05 | Create | Villager (Male) |
| 14:08 | Create | Spearman |
| 14:12 | Build | Market |
| 14:25 | Build | Stone Wall |
| 14:26 | Build | Stone Wall |
| 14:26 | Build | Stone Wall |
| 14:27 | Build | Stone Wall |
| 14:36 | Create | Villager (Male) |
| 15:16 | Create | Villager (Male) |
| 15:44 | Create | Villager (Male) |
| 15:59 | Build | Watch Tower |
| 16:02 | Create | Villager (Male) |
| 16:15 | Build | Stone Wall |
| 16:16 | Build | Stone Wall |
| 16:25 | Build | Stone Wall |
| 16:28 | Build | Stone Wall |
| 16:29 | Build | Stone Wall |
| 16:32 | Build | Stone Wall |
| 16:41 | Create | Villager (Male) |
| 16:53 | Research | Castle Age |
| 16:53 | Research | Castle Age |
| 17:01 | Build | Stone Wall |
| 17:11 | Build | Archery Range |
| 17:58 | Build | Palisade Gate |
| 18:01 | Build | Palisade Gate |
| 18:12 | Research | Horse Collar |
| 18:28 | Research | Bloodlines |
| 18:30 | Build | Archery Range |
| 18:45 | Create | Villager (Male) |
| 19:11 | Build | Blacksmith |
| 19:33 | Age | Castle Age |
| 19:41 | Create | Cavalry Archer |
| 19:41 | Create | Cavalry Archer |
| 19:42 | Create | Cavalry Archer |
| 20:01 | Create | Villager (Male) |
| 20:02 | Create | Cavalry Archer |
| 20:04 | Research | Fletching |
| 20:19 | Create | Cavalry Archer |
| 20:20 | Create | Villager (Male) |
| 20:33 | Create | Cavalry Archer |
| 20:37 | Create | Knight |
| 21:14 | Research | Bodkin Arrow |
| 21:23 | Build | Watch Tower |
| 21:31 | Build | Farm |
| 21:34 | Create | Cavalry Archer |
| 21:35 | Create | Villager (Male) |
| 22:02 | Create | Villager (Male) |
| 22:05 | Build | Farm |
| 22:16 | Build | Stone Wall |
| 22:16 | Build | Stone Wall |
| 22:17 | Build | Stone Wall |
| 22:17 | Build | Stone Wall |
| 22:20 | Create | Cavalry Archer |
| 22:27 | Build | University |
| 22:40 | Create | Villager (Male) |
| 22:44 | Create | Villager (Male) |
| 22:48 | Create | Cavalry Archer |
| 23:10 | Build | Lumber Camp |
| 23:33 | Research | Ballistics |
| 23:34 | Create | Villager (Male) |
| 23:48 | Research | Padded Archer Armor |
| 24:00 | Create | Cavalry Archer |
| 24:00 | Create | Cavalry Archer |
| 24:06 | Create | Knight |
| 24:33 | Create | Villager (Male) |
| 24:39 | Build | Town Center |
| 25:02 | Create | Villager (Male) |
| 25:20 | Research | Husbandry |
| 25:20 | Research | Husbandry |
| 25:29 | Create | Villager (Male) |
| 25:29 | Create | Villager (Male) |
| 25:35 | Build | Town Center |
| 25:40 | Create | Villager (Male) |
| 26:00 | Create | Villager (Male) |
| 26:09 | Create | Villager (Male) |
| 26:09 | Create | Villager (Male) |
| 26:11 | Create | Villager (Male) |
| 26:36 | Create | Villager (Male) |
| 26:44 | Create | Villager (Male) |
| 26:49 | Build | Farm |
| 26:51 | Build | Farm |
| 26:57 | Create | Villager (Male) |
| 27:00 | Create | Villager (Male) |
| 27:03 | Create | Cavalry Archer |
Build order — DaddySt4rk
First 150 of 682 actions detected
| 0:01 | Create | Villager (Male) ×4 |
| 0:02 | Build | House |
| 0:04 | Build | House |
| 1:29 | Create | Villager (Male) |
| 1:47 | Build | Lumber Camp |
| 1:52 | Create | Villager (Male) |
| 2:15 | Create | Villager (Male) |
| 2:44 | Build | House |
| 2:57 | Create | Villager (Male) |
| 3:03 | Create | Villager (Male) |
| 3:22 | Build | House |
| 3:36 | Create | Villager (Male) |
| 4:01 | Create | Villager (Male) |
| 4:26 | Create | Villager (Male) |
| 4:55 | Build | Mill |
| 4:58 | Create | Villager (Male) |
| 5:03 | Create | Villager (Male) |
| 5:33 | Build | Palisade Wall |
| 5:35 | Build | Palisade Wall |
| 5:41 | Build | Palisade Wall |
| 5:47 | Create | Villager (Male) |
| 6:08 | Create | Villager (Male) |
| 6:30 | Build | House |
| 6:39 | Create | Villager (Male) |
| 6:54 | Create | Villager (Male) |
| 7:19 | Build | Palisade Wall |
| 7:26 | Create | Villager (Male) |
| 7:43 | Build | Palisade Wall |
| 7:46 | Build | Palisade Wall |
| 7:52 | Research | Loom |
| 8:16 | Research | Feudal Age |
| 8:35 | Build | Palisade Wall |
| 8:36 | Build | Palisade Wall |
| 8:37 | Build | Palisade Wall |
| 8:38 | Build | Palisade Wall |
| 8:39 | Build | Palisade Wall |
| 8:44 | Build | Palisade Wall |
| 8:46 | Build | Palisade Wall |
| 8:48 | Build | Palisade Wall |
| 8:51 | Build | Palisade Wall |
| 8:53 | Build | Palisade Wall |
| 8:55 | Build | Palisade Wall |
| 9:12 | Build | House |
| 9:28 | Build | Palisade Wall |
| 9:34 | Build | House |
| 9:46 | Build | Palisade Wall |
| 9:48 | Build | Palisade Wall |
| 9:49 | Build | Palisade Wall |
| 9:50 | Build | Palisade Wall |
| 9:51 | Build | Palisade Wall |
| 9:53 | Build | Palisade Wall |
| 9:54 | Build | Palisade Wall |
| 9:58 | Build | Palisade Wall |
| 10:16 | Create | Villager (Male) |
| 10:17 | Create | Villager (Male) |
| 10:32 | Age | Feudal Age |
| 10:34 | Build | Market |
| 10:38 | Build | Blacksmith |
| 10:40 | Build | Palisade Gate |
| 11:16 | Build | Palisade Wall |
| 11:33 | Research | Castle Age |
| 11:38 | Research | Double-Bit Axe |
| 12:16 | Build | Palisade Wall |
| 12:26 | Build | Palisade Wall |
| 12:37 | Build | Mining Camp |
| 12:53 | Build | Barracks |
| 13:50 | Build | Farm |
| 13:52 | Build | Farm |
| 13:55 | Build | Farm |
| 14:02 | Build | Farm |
| 14:04 | Build | Farm |
| 14:13 | Age | Castle Age |
| 14:16 | Research | Town Watch |
| 14:16 | Create | Fire Lancer |
| 14:20 | Create | Fire Lancer |
| 14:27 | Create | Villager (Male) |
| 14:48 | Build | Lumber Camp |
| 14:51 | Create | Villager (Male) |
| 15:21 | Build | House |
| 15:23 | Build | Palisade Wall |
| 15:27 | Create | Villager (Male) |
| 15:36 | Create | Villager (Male) |
| 15:49 | Create | Fire Lancer |
| 16:00 | Create | Villager (Male) |
| 16:14 | Create | Fire Lancer |
| 16:22 | Build | Palisade Wall |
| 16:29 | Build | Palisade Wall |
| 16:50 | Build | House |
| 16:57 | Create | Villager (Male) |
| 17:16 | Build | Siege Workshop |
| 17:28 | Create | Villager (Male) |
| 17:32 | Research | Bow Saw |
| 17:32 | Research | Gold Mining |
| 17:32 | Research | Gold Mining |
| 17:36 | Build | House |
| 18:05 | Create | Battering Ram |
| 18:15 | Create | Villager (Male) |
| 18:19 | Build | Lumber Camp |
| 18:23 | Build | Farm |
| 18:28 | Build | Farm |
| 18:29 | Build | Farm |
| 18:39 | Build | House |
| 18:41 | Create | Villager (Male) |
| 19:07 | Build | House |
| 19:10 | Build | Farm |
| 19:11 | Build | Farm |
| 19:15 | Create | Villager (Male) |
| 19:20 | Create | Fire Lancer |
| 19:33 | Build | House |
| 19:34 | Build | House |
| 19:36 | Build | House |
| 19:47 | Create | Villager (Male) |
| 19:48 | Create | Iron Pagoda |
| 19:56 | Build | House |
| 20:02 | Build | House |
| 20:18 | Create | Villager (Male) |
| 20:39 | Create | Iron Pagoda |
| 20:41 | Create | Villager (Male) |
| 21:01 | Create | Villager (Male) |
| 21:05 | Build | Town Center |
| 21:12 | Build | House |
| 21:13 | Build | House |
| 21:22 | Build | Palisade Wall |
| 21:47 | Create | Villager (Male) |
| 22:06 | Create | Villager (Male) |
| 22:16 | Create | Iron Pagoda |
| 22:26 | Build | Palisade Gate |
| 22:34 | Create | Villager (Male) |
| 22:35 | Create | Villager (Male) |
| 22:39 | Research | Wheelbarrow |
| 22:44 | Build | Monastery |
| 23:04 | Build | House |
| 23:11 | Build | Stone Wall |
| 23:19 | Create | Villager (Male) |
| 23:20 | Create | Villager (Male) |
| 23:27 | Build | Farm |
| 23:30 | Create | Monk |
| 23:30 | Create | Monk |
| 23:30 | Create | Monk |
| 23:52 | Create | Villager (Male) |
| 23:54 | Create | Villager (Male) |
| 24:19 | Create | Villager (Male) |
| 24:36 | Build | Town Center |
| 24:39 | Build | Outpost |
| 24:41 | Create | Villager (Male) |
| 24:47 | Build | House |
| 25:12 | Create | Villager (Male) |
| 25:13 | Create | Villager (Male) |
| 25:18 | Build | Outpost |
| 25:20 | Build | Farm |
Match timeline
| 5:33 | DaddySt4rk · wall_segment Palisade Wall x5 |
| 5:35 | DaddySt4rk · wall_segment Palisade Wall x3 |
| 5:41 | DaddySt4rk · wall_segment Palisade Wall x13 |
| 7:19 | DaddySt4rk · wall_segment Palisade Wall x6 |
| 7:43 | DaddySt4rk · wall_segment Palisade Wall x1 |
| 7:46 | DaddySt4rk · wall_segment Palisade Wall x1 |
| 7:56 | Ghosty · first_building Barracks |
| 8:35 | DaddySt4rk · wall_segment Palisade Wall x1 |
| 8:36 | DaddySt4rk · wall_segment Palisade Wall x1 |
| 8:37 | DaddySt4rk · wall_segment Palisade Wall x1 |
| 8:38 | DaddySt4rk · wall_segment Palisade Wall x1 |
| 8:39 | DaddySt4rk · wall_segment Palisade Wall x1 |
| 8:44 | DaddySt4rk · wall_segment Palisade Wall x2 |
| 8:46 | DaddySt4rk · wall_segment Palisade Wall x1 |
| 8:48 | DaddySt4rk · wall_segment Palisade Wall x1 |
| 8:51 | DaddySt4rk · wall_segment Palisade Wall x1 |
| 8:53 | DaddySt4rk · wall_segment Palisade Wall x1 |
| 8:53 | Ghosty · age_up feudal |
| 8:55 | DaddySt4rk · wall_segment Palisade Wall x1 |
| 8:56 | Ghosty · first_building Stable |
| 8:58 | Ghosty · wall_segment Palisade Wall x1 |
| 9:28 | DaddySt4rk · wall_segment Palisade Wall x1 |
| 9:46 | DaddySt4rk · wall_segment Palisade Wall x1 |
| 9:48 | DaddySt4rk · wall_segment Palisade Wall x1 |
| 9:49 | DaddySt4rk · wall_segment Palisade Wall x1 |
| 9:50 | DaddySt4rk · wall_segment Palisade Wall x1 |
| 9:51 | DaddySt4rk · wall_segment Palisade Wall x1 |
| 9:53 | DaddySt4rk · wall_segment Palisade Wall x1 |
| 9:54 | DaddySt4rk · wall_segment Palisade Wall x1 |
| 9:58 | DaddySt4rk · wall_segment Palisade Wall x2 |
| 10:32 | DaddySt4rk · age_up feudal |
| 11:16 | DaddySt4rk · wall_segment Palisade Wall x1 |
| 11:32 | DaddySt4rk · first_market_sell 100 stone |
| 12:16 | DaddySt4rk · wall_segment Palisade Wall x1 |
| 12:26 | DaddySt4rk · wall_segment Palisade Wall x1 |
| 12:31 | Ghosty · wall_segment Stone Wall x1 |
| 12:32 | Ghosty · wall_segment Stone Wall x1 |
| 12:33 | Ghosty · wall_segment Stone Wall x1 |
| 12:33 | Ghosty · wall_segment Stone Wall x1 |
| 12:34 | Ghosty · wall_segment Stone Wall x1 |
| 12:35 | Ghosty · wall_segment Stone Wall x1 |
| 12:53 | DaddySt4rk · first_building Barracks |
| 13:37 | Ghosty · wall_segment Stone Wall x1 |
| 13:38 | Ghosty · wall_segment Stone Wall x1 |
| 13:39 | Ghosty · wall_segment Stone Wall x1 |
| 14:13 | DaddySt4rk · age_up castle |
| 14:25 | Ghosty · wall_segment Stone Wall x1 |
| 14:26 | Ghosty · wall_segment Stone Wall x1 |
| 14:26 | Ghosty · wall_segment Stone Wall x1 |
| 14:27 | Ghosty · wall_segment Stone Wall x1 |
| 15:23 | DaddySt4rk · wall_segment Palisade Wall x1 |
| 15:48 | Ghosty · first_market_buy 100 food |
| 15:49 | Ghosty · first_market_sell 100 wood |
| 16:15 | Ghosty · wall_segment Stone Wall x1 |
| 16:16 | Ghosty · wall_segment Stone Wall x1 |
| 16:22 | DaddySt4rk · wall_segment Palisade Wall x1 |
| 16:25 | Ghosty · wall_segment Stone Wall x1 |
| 16:28 | Ghosty · wall_segment Stone Wall x1 |
| 16:29 | DaddySt4rk · wall_segment Palisade Wall x1 |
| 16:29 | Ghosty · wall_segment Stone Wall x1 |
| 16:32 | Ghosty · wall_segment Stone Wall x1 |
| 17:01 | Ghosty · wall_segment Stone Wall x1 |
| 17:11 | Ghosty · first_building Archery Range |
| 17:16 | DaddySt4rk · first_building Siege Workshop |
| 18:04 | DaddySt4rk · first_market_buy 100 wood |
| 19:33 | Ghosty · age_up castle |
| 21:22 | DaddySt4rk · wall_segment Palisade Wall x1 |
| 22:16 | Ghosty · wall_segment Stone Wall x1 |
| 22:16 | Ghosty · wall_segment Stone Wall x1 |
| 22:17 | Ghosty · wall_segment Stone Wall x1 |
| 22:17 | Ghosty · wall_segment Stone Wall x1 |
| 22:44 | DaddySt4rk · first_building Monastery |
| 23:11 | DaddySt4rk · wall_segment Stone Wall x1 |
| 28:02 | Ghosty · first_building Siege Workshop |
| 31:16 | DaddySt4rk · wall_segment Stone Wall x1 |
| 32:09 | DaddySt4rk · wall_segment Stone Wall x3 |
| 32:10 | DaddySt4rk · wall_segment Stone Wall x2 |
| 32:50 | DaddySt4rk · wall_segment Stone Wall x1 |
| 32:58 | DaddySt4rk · first_building Castle |
| 34:20 | Ghosty · first_building Castle |
| 34:50 | DaddySt4rk · age_up imperial |
| 36:37 | DaddySt4rk · wall_segment Stone Wall x3 |
| 38:37 | Ghosty · age_up imperial |
| 39:04 | DaddySt4rk · first_building Stable |
| 42:50 | Ghosty · first_building Monastery |
| 44:18 | Ghosty · wall_segment Stone Wall x21 |
| 45:01 | Ghosty · wall_segment Stone Wall x1 |
| 45:03 | Ghosty · wall_segment Stone Wall x1 |
| 59:01 | Ghosty · resign |
[ AI ANALYSIS · 1 CREDIT ]
What really happened in this match?
Wolo.gg analyzes every decision: build order, eco, micro, common mistakes by bracket. Personalized analysis on WhatsApp or Discord in 30 seconds.
Civ guide
Huns
Perfil
Jugador #24926497